 Dungeon Crawl Stone Soup version 0.30-a0-122-g2a1322497e (webtiles) character file.

Game seed: 2854808864162203668

109 Decritt the Shooter (level 4, -1/23 HPs)
             Began as a Spriggan Hunter on Sept 16, 2022.
             Killed from afar by Ijyb (17 damage)
             ... with a bolt of light
             ... on level 3 of the Dungeon.
             The game lasted 00:03:20 (2339 turns).

Decritt the Shooter (Spriggan Hunter)               Turns: 2339, Time: 00:03:21

Health: -1/23      AC:  2    Str:  7    XL:     4   Next: 60%
Magic:  5/5        EV: 19    Int: 10    God:
Gold:   121        SH:  5    Dex: 20    Spells: 3/3 levels left

rFire   . . .      SeeInvis +    a - +0 shortbow
rCold   . . .      Faith    .    (shield currently unavailable)
rNeg    . . .      Spirit   .    c - +0 robe
rPois   .          Reflect  +    (helmet restricted)
rElec   .          Harm     .    (no cloak)
rCorr   .          Rampage  .    (gloves unavailable)
Will    .....                    (boots unavailable)
Stlth   +++.......               m - amulet of reflection
HPRegen 0.07/turn                (no ring)
MPRegen 0.09/turn                (no ring)

@: very quick
A: very small, no large weapons, unfitting armour, see invisible, speed 3
a: no special abilities


You were on level 3 of the Dungeon.
You visited 1 branch of the dungeon, and saw 3 of its levels.

You collected 121 gold pieces.

Inventory:

Hand Weapons
 a - a +0 shortbow (weapon)
Armour
 c - a +0 robe (worn)
Jewellery
 m - an amulet of reflection (around neck)
Scrolls
 b - a scroll of immolation
 e - 2 scrolls of teleportation {unknown}
 j - 3 scrolls of noise {unknown}
 n - 2 scrolls of summoning {unknown}
 o - a scroll of enchant weapon {unknown}
 p - 2 scrolls of butterflies {unknown}
 q - a scroll of poison {unknown}
Potions
 d - 3 potions of curing
 f - a potion of degeneration {unknown}
 g - a potion of heal wounds
 h - a potion of berserk rage {unknown}
 i - a potion of magic {unknown}
 k - a potion of flight {unknown}
 l - a potion of attraction


   Skills:
 + Level 2.3 Fighting
 + Level 4.6 Ranged Weapons
 + Level 4.0 Dodging
 + Level 3.6 Stealth


You had 3 spell levels left.
You didn't know any spells.
Your spell library was empty.

Dungeon Overview and Level Annotations

Branches:
Dungeon (3/15)

Altars:

Shops:
D:1 (

Annotations:
D:3 Ijyb


Innate Abilities, Weirdness & Mutations

You are very small and have problems with some larger weapons.
You are too small for most types of armour.
You have supernaturally acute eyesight. (SInv)
You cover ground extremely quickly. (Speed+++)


Message History

No target in view!
No target in view!
No target in view!
You now have 121 gold pieces (gained 8).
Found 7 stones.
No target in view!
q - a scroll labelled DOTOGU BESM You open the door.
There is an open door here.
Ijyb the Twisted Goblin comes into view.
She is wielding a +0 dagger and carrying a wand of light (13).
Ijyb shouts!
You shoot an arrow. The arrow hits Ijyb but does no damage.
You shoot an arrow. The arrow hits Ijyb.
Ijyb is lightly wounded.
You shoot an arrow. The arrow hits Ijyb.
Ijyb is moderately wounded.
You shoot an arrow. The arrow barely misses Ijyb.
Ijyb zaps a wand.
The bolt of light misses you.
You shoot an arrow. The arrow hits Ijyb!
Ijyb is severely wounded.
Ijyb screams, "It's all mine!"
Ijyb zaps a wand.
The bolt of light hits you!
Ouch! That really hurt!
* * * LOW HITPOINT WARNING * * *
You feel much better.
Ijyb zaps a wand.
The bolt of light hits you!
You are confused.
You are too confused!
Non-targeted confused fire: a) +0 shortbow
Press: ? - help, Q - select action Dir - look around, f - activate Look: Ijyb, wielding a +0 dagger, wearing a +0 leather armour and carrying a wand of light (10) (heavily wounded)
You shoot an arrow. The arrow misses Ijyb.
Ijyb zaps a wand.
The bolt of light misses you.
Non-targeted confused fire: a) +0 shortbow
Press: ? - help, Q - select action Dir - look around, f - activate Look: Ijyb, wielding a +0 dagger, wearing a +0 leather armour and carrying a wand of light (9) (heavily wounded)
You shoot an arrow.
You feel less confused.
Ijyb zaps a wand.
The bolt of light hits you!
Ouch! That really hurt!
You die...

########..
#.@g......
#.######## #.#
#.# #.# #.#
###############.#
................#
#################


You could see Ijyb.

Vanquished Creatures
  An iguana (D:3)
  An adder (D:2)
  3 worms (D:2)
  A dart slug (D:1)
  7 bats
  5 endoplasms
  6 giant cockroaches
  4 hobgoblins
  9 jackals
  5 kobolds
  5 quokkas
  A ball python (D:3)
  2 frilled lizards
  2 goblins (D:1)
  5 rats
57 creatures vanquished.

Notes
Turn   | Place    | Note
-------+----------+-------------------------------------------
     0 | D:1      | Decritt the Spriggan Hunter began the quest for the Orb.
     0 | D:1      | Reached XP level 1. HP: 10/10 MP: 2/2
   226 | D:1      | Reached XP level 2. HP: 13/15 MP: 3/3
   643 | D:1      | Found Yrghopp's Weapon Shop.
  1026 | D:1      | Reached XP level 3. HP: 18/18 MP: 4/4
  1774 | D:2      | Identified the +0 leather armour of Henotheism {rPois rC++
                  | Str-2}
  1793 | D:2      | Reached XP level 4. HP: 23/23 MP: 5/5
  2331 | D:3      | Noticed Ijyb
  2339 | D:3      | Killed from afar by Ijyb

Illustrated notes

Levels and vault maps discovered:
D:1:      lemuel_arrival_broad_hall, layout_loops_corners, serial_shops,
          nicolae_shop_bloodbath_and_beyond, corexii_corridor_pit, st_stairs_1,
          supply_closet_lemuel, chequers_serial_rivers_micro_a
D:2:      layout_basic, corexii_corridor_pit
D:3:      layout_basic, mainiacjoe_overflow_two_lobes,
          amcnicky_mini_rare_corridor_liquid, uniq_ijyb

Skill      XL: |  1  2  3  4 |
---------------+-------------+-----
Stealth        | 2 3 |  3.6
Dodging        | 3 4 |  4.0
Fighting       | 2 |  2.3
Ranged Weapons | |  4.6

Action                   |  1- 3 |  4- 6 || total
-------------------------+-------+-------++-------
 Fire: Shortbow          |   131 |    45 ||   176
  Use: Scroll            |       |     3 ||     3
       Potion            |       |     1 ||     1
Armor: Robe              |     9 |       ||     9
Dodge: Dodged            |    45 |    22 ||    67
Block: Other             |    10 |     7 ||    17

Table legend: (Time is in decaauts)
 A = Elapsed time spent in this place.
 B = Non-inter-level travel time spent in this place.
 C = Inter-level travel time spent in this place.
 D = Time resting spent in this place.
 E = Time spent auto-exploring this place.
 F = Levels seen in this place.
 G = Mean time per level.
                   A        B        C        D        E       F      G
               +--------+--------+--------+--------+--------+-----+--------+
         Total |   1720 |   1688 |     32 |     99 |   1271 |   3 |  573.3 |
       Dungeon |   1720 |   1688 |     32 |     99 |   1271 |   3 |  573.3 |
               +--------+--------+--------+--------+--------+-----+--------+

Top non-repeatable levels by time:
     D:1: 857 daAuts
     D:2: 602 daAuts
     D:3: 260 daAuts
